 Dungeon Crawl Stone Soup version 0.31-a0-267-g3fc6992b3b (webtiles) character file.

Game seed: 9549563137175986937

93 British0li the Sneak (level 4, -8/36 HPs)
             Began as a Demonspawn Delver on July 14, 2023.
             Was an Initiate of Okawaru.
             Mangled by Crazy Yiuf
             ... wielding a +4 quarterstaff of chaos
              (10 damage)
             ... on level 2 of the Dungeon.
             The game lasted 00:03:14 (2321 turns).

British0li the Sneak (Demonspawn Delver)            Turns: 2321, Time: 00:03:16

Health: -8/36      AC: 10    Str: 21    XL:     4   Next: 37%
Magic:  4/4        EV: 11    Int: 11    God:    Okawaru [......]
Gold:   166        SH:  0    Dex: 14    Spells: 3/3 levels left

rFire   . . .        a - +0 falchion
rCold   . . .        (no shield)
rNeg    + . .        k - +4 ring mail of Ahyruiw {rN+ Will+ SInv}
rPois   .            (no helmet)
rElec   .            (no cloak)
rCorr   .            (no gloves)
SInv    +            (no boots)
Will    +....        (no amulet)
Stlth   ++           q - +6 ring of strength
HPRegen 0.26/turn    (no ring)
MPRegen 0.09/turn

%: no passive effects
@: lethally poisoned (-8 -> -11)
A: claws 1, rugged brown scales 1, foul stench 1
a: Renounce Religion


You were on level 2 of the Dungeon.
You worshipped Okawaru.
Okawaru was noncommittal.
You visited 1 branch of the dungeon, and saw 5 of its levels.

You collected 166 gold pieces.

Inventory:

Hand Weapons
 a - a +0 falchion (weapon)
Armour
 k - the +4 ring mail of Ahyruiw (worn) {rN+ Will+ SInv}
   (You found it on level 3 of the Dungeon)

   rN:        It protects you from negative energy.
   SInv:      It lets you see invisible.
   Will:      It increases your willpower.
 s - +0 acid dragon scales
Jewellery
 q - a +6 ring of strength (left claw)
Wands
 g - a wand of digging (3)
 i - a wand of roots (15)
Scrolls
 c - 3 scrolls of fog
 d - 2 scrolls of revelation
 e - a scroll of fear
 l - a scroll of blinking {unknown}
 n - 3 scrolls of identify {unknown}
 o - a scroll of acquirement {unknown}
 r - a scroll of immolation {unknown}
 t - a scroll of poison {unknown}
Potions
 b - a potion of heal wounds {unknown}
 f - 2 potions of haste
 h - a potion of brilliance {unknown}
 j - a potion of magic {unknown}
 m - 2 potions of berserk rage {unknown}
 p - a potion of cancellation {unknown}


   Skills:
 + Level 3.5 Fighting
 * Level 3.0 Long Blades
 + Level 1.3 Armour
 + Level 2.4 Dodging
 - Level 4.5 Stealth


You had 3 spell levels left.
You didn't know any spells.
Your spell library was empty.

Dungeon Overview and Level Annotations

Branches:
Dungeon (5/15)
 Temple: D:4-7

Altars:
Okawaru

Annotations:
D:2 Crazy Yiuf


Innate Abilities, Weirdness & Mutations

You have sharp fingernails.
You are partially covered in rugged brown scales. (AC +1, +3% HP)
You may rarely emit foul miasma when damaged in melee.


Message History

Key pressed, stopping explore.
No target in view!
No reachable target in view!
No reachable target in view!
Could not explore, unopened runed door.
No reachable target in view!
No reachable target in view!
No reachable target in view!
Okay, then.
You open the door.
Crazy Yiuf shouts!
You hit Crazy Yiuf.
Crazy Yiuf is lightly wounded.
Crazy Yiuf hits you but does no damage.
You are poisoned.
You hit Crazy Yiuf. Your claw misses Crazy Yiuf.
Crazy Yiuf is moderately wounded.
You feel very sick. Crazy Yiuf hits you but does no damage.
You are more poisoned.
You slash Crazy Yiuf!
Crazy Yiuf is severely wounded.
You feel very sick.
Crazy Yiuf hits you with a +4 quarterstaff of chaos!
You resist with almost no effort.
You hit Crazy Yiuf. You claw Crazy Yiuf.
Crazy Yiuf is almost dead.
You feel sick.
Crazy Yiuf cries, "You leg down broken song, no?"
Crazy Yiuf hits you but does no damage.
You closely miss Crazy Yiuf.
Crazy Yiuf is almost dead.
You feel sick. Crazy Yiuf barely misses you.
You closely miss Crazy Yiuf.
Crazy Yiuf is severely wounded.
You feel sick.
Crazy Yiuf hits you with a +4 quarterstaff of chaos!
* * * LOW HITPOINT WARNING * * *
You convulse!
You die...

##.#######....# ##..# #....#
####..## ♣....♣ ...#.##
♣...♣♣ .....# ♣♣.♣♣ .....#
♣.♣♣ ## .....####### ♣♣.♣
####. ...........# ♣.♣♣
####.... ...........# ♣♣@♣
###....##. ...........# #g#
###...###### .........>.#
... #.#.######..
....######## #...#
#......#.... ....#### #..)#
#..###.....# ..#....#####
##### #.###.......
#..........# #.###.###..#
#..#...#################...#
#.##
##.###.###...............###
#.##


You could see Crazy Yiuf.

Vanquished Creatures
  Jessica (D:2)
  An adder (D:2)
  2 worms
  A dart slug (D:3)
  An orc (D:3)
  4 endoplasms
  A giant cockroach (D:2)
  3 goblins
  5 hobgoblins
  4 jackals (D:2)
  7 kobolds
  3 quokkas
  3 ball pythons
  8 bats
  2 rats
46 creatures vanquished.

Notes
Turn   | Place    | Note
-------+----------+-------------------------------------------
     0 | D:5      | British0li the Demonspawn Delver began the quest for the
                  | Orb.
     0 | D:5      | Reached XP level 1. HP: 18/18 MP: 1/1
    58 | D:3      | Identified the +4 ring mail of Ahyruiw {rN+ Will+ SInv}
   176 | D:3      | Found an iron altar of Okawaru.
   191 | D:3      | Became a worshipper of Warmaster Okawaru
   272 | D:3      | Gained mutation: You may rarely emit foul miasma when
                  | damaged in melee. [demonic ancestry]
   272 | D:3      | Reached XP level 2. HP: 24/24 MP: 2/2
   567 | D:2      | Noticed Jessica
   589 | D:2      | Killed Jessica
   590 | D:2      | Gained mutation: You have sharp fingernails. [demonic
                  | ancestry]
   590 | D:2      | Reached XP level 3. HP: 10/29 MP: 3/3
   726 | D:1      | Reached skill level 1 in Armour
  1827 | D:2      | Found a runed translucent door.
  1828 | D:2      | Noticed Crazy Yiuf
  1863 | D:2      | Gained mutation: You are partially covered in rugged brown
                  | scales. (AC +1, +3% HP) [demonic ancestry]
  1863 | D:2      | Reached XP level 4. HP: 29/36 MP: 4/4
  2321 | D:2      | Mangled by Crazy Yiuf

Illustrated notes

Levels and vault maps discovered:
D:1:      eino_arrival_cavern_d, layout_basic, roderic_lattice_a,
          kennysheep_flooded_box, st_stairs_7, minmay_misc_feat_secret_circle,
          nicolae_figureground_pulse
D:2:      layout_rooms, minmay_pentomino_t4, uniq_crazy_yiuf_cottage,
          uniq_jessica
D:3:      layout_basic, lightli_temple_of_fire, mainiacjoe_overflow_chevrons,
          chequers_ecumenical_altar_twisty
D:4:      layout_loops_ring, mainiacjoe_overflow_alcove_4,
          nicolae_tso_swordbearing_angel, zin_scriptorium,
          grunt_temple_overflow_open, serial_shops,
          nicolae_shop_tiny_real_fake_doors, roderic_roman_lattice
D:5:      layout_loops_ring, trog_butcher_becter, mainiacjoe_overflow_24_doors,
          lemuel_zombie_altar_yredelemnul, uniq_blork_the_orc, uniq_grinder,
          uniq_menkaure, uniq_sigmund

Skill      XL: |  1  2  3  4 |
---------------+-------------+-----
Long Blades    | 2 3 |  3.0
Dodging        | 2 |  2.4
Armour         | 1 |  1.3
Fighting       | |  3.5
Stealth        | |  4.5

Action                     |  1- 3 |  4- 6 || total
---------------------------+-------+-------++-------
  Melee: Falchion          |   127 |    49 ||   176
         Punch             |       |     1 ||     1
   Stab: Sleeping          |     5 |     1 ||     6
         Distracted        |     1 |       ||     1
 Armour: Ring mail         |    61 |    41 ||   102
         Leather armour    |     1 |       ||     1
  Dodge: Dodged            |    94 |    43 ||   137

Table legend: (Time is in decaauts)
 A = Elapsed time spent in this place.
 B = Non-inter-level travel time spent in this place.
 C = Inter-level travel time spent in this place.
 D = Time resting spent in this place.
 E = Time spent auto-exploring this place.
 F = Levels seen in this place.
 G = Mean time per level.
                   A        B        C        D        E       F      G
               +--------+--------+--------+--------+--------+-----+--------+
         Total |   2350 |   2276 |     74 |    140 |   1716 |   5 |  470.0 |
       Dungeon |   2350 |   2276 |     74 |    140 |   1716 |   5 |  470.0 |
               +--------+--------+--------+--------+--------+-----+--------+

Top non-repeatable levels by time:
     D:1: 1138 daAuts
     D:2: 658 daAuts
     D:3: 525 daAuts
     D:4: 16 daAuts
     D:5: 11 daAuts
